 Dungeon Crawl Stone Soup version 0.30.0-29-ga12c61a403 (webtiles) character file.

Game seed: 1617194018273736057

5078 qw the Cleaver (level 10, -4/64 HPs)
             Began as a Gargoyle Fighter on June 5, 2023.
             Was a Priest of Okawaru.
             Slain by a death yak (15 damage)
             ... on level 9 of the Dungeon.
             The game lasted 00:04:25 (8645 turns).

qw the Cleaver (Gargoyle Fighter)                   Turns: 8645, Time: 00:04:25

Health: -4/64      AC: 23    Str: 24    XL:     10   Next: 56%
Magic:  12/13      EV:  8    Int:  7    God:    Okawaru [***...]
Gold:   600        SH:  6    Dex:  9    Spells: 9/9 levels left

rFire   + . .        Y - +3 war axe (freeze)
rCold   + . .        c - +0 buckler
rNeg    + + .        h - +1 plate armour
rPois   inf          (helmet restricted)
rElec   +            (no cloak)
rCorr   .            (no gloves)
SInv    .            (no boots)
Will    .....        (no amulet) Stlth
                     p - ring of Zieddeeh {Fire Fly rN+ Slay+2 Stlth+}
HPRegen 0.30/turn    k - ring of protection from cold
MPRegen 0.13/turn

%: no passive effects
@: about to teleport, heroic, flying
A: sickness immunity, AC +7, negative energy resistance 1, electricity
resistance, torment resistance 1, petrification resistance, antennae 1, cold
resistance 1, dopey 1
a: Renounce Religion, Heroism


You were on level 9 of the Dungeon.
You worshipped Okawaru.
Okawaru was most pleased with you.
You visited 2 branches of the dungeon, and saw 10 of its levels.

You collected 600 gold pieces.


Innate Abilities, Weirdness & Mutations

You are immune to sickness and miasma.
Your stone body is resilient. (AC +7)
You are immune to poison.
You resist negative energy. (rN+)
You are resistant to electric shocks. (rElec)
You are resistant to unholy torment.
You are immune to petrification.
You have a pair of small antennae on your head.
Your flesh is cold resistant. (rC+)
You are dopey. (Int -2)


   Skills:
 - Level 8.0(13.0) Fighting
 + Level 10.7(15.7) Axes
 - Level 1.0(6.0) Throwing
 - Level 6.2(11.2) Armour
 - Level 1.1(6.1) Dodging
 - Level 5.2(10.2) Shields
 - Level 4.2 Invocations


You had 9 spell levels left.
You didn't know any spells.
Your spell library was empty.

Inventory:

Hand Weapons
 o - a +5 war axe
 q - a +5 morningstar
 Y - a +3 war axe of freezing (weapon)
Armour
 c - a +0 buckler (worn)
 h - a +1 plate armour (worn)
Jewellery
 a - a ring of ice
 g - an amulet of guardian spirit
 i - an amulet of regeneration
 k - a ring of protection from cold (right hand)
 m - a ring of protection from fire
 p - the ring of Zieddeeh (left hand) {Fire Fly rN+ Slay+2 Stlth+}
   (You found it on level 8 of the Dungeon)

   [ring of fire]

   It enhances your fire magic.
   Slay:      It affects your accuracy & damage with ranged weapons and melee
   (+2).
   rF:        It protects you from fire.
   rC:        It makes you vulnerable to cold.
   rN:        It protects you from negative energy.
   Fly:       It grants you flight.
   Stlth:     It makes you more stealthy.
Scrolls
 e - 2 scrolls of identify
 l - a scroll of teleportation
Potions
 b - a potion of magic
 d - 3 potions of might
 f - 5 potions of curing
 j - a potion of brilliance {unknown}
 n - a potion of mutation

Dungeon Overview and Level Annotations

Branches:
Dungeon (9/15)             Temple (1/1) D:5
   Lair: D:8-11         Orc: D:9-12

Altars:
Ashenzari
Cheibriados
Dithmenos
Elyvilon
Fedhas
Gozag
Hepliaklqana
Kikubaaqudgha
Makhleb
Nemelex Xobeh
Okawaru
Qazlal
Ru
Sif Muna
Trog
Uskayaw
Vehumet
Wu Jian
Xom
Yredelemnul
Zin
The Shining One

Shops:
D:1 [

Annotations:
D:7 3 runed translucent doors, qw's ghost, novice GrFi
D:9 Erica


Message History

The yak gores you but does no damage.
The death yak gores you but does no damage.
A gnoll comes into view. It is wielding a +0 club.
The gnoll sergeant hits you but does no damage.
Erica the Fiery-Tempered comes into view.
She is wielding a +1 scimitar of flaming.
You block the death yak's attack.
You slice the death yak!! You freeze the death yak.
The death yak is severely wounded.
You barely miss the yak. You hit the death yak. You freeze the death yak.
You barely miss the death yak.
The death yak is severely wounded.
You hit the death yak. You freeze the death yak. You slash the yak!
You freeze the yak. The yak barely misses you. The death yak gores you.
The gnoll hits you but does no damage.
The gnoll sergeant hits you but does no damage.
The death yak gores you!
You slash the death yak! You freeze the death yak.
The death yak is almost dead.
You slash the yak! You freeze the yak. You slash the yak! You freeze the yak.
You hit the death yak. You freeze the death yak. The yak gores you!
The death yak gores you but does no damage.
The gnoll hits you but does no damage.
The gnoll sergeant hits you from afar with a +0 spear.
You block the death yak's attack.
You hit the death yak but do no damage.
The death yak is almost dead.
You slash the yak! You freeze the yak. You hit the death yak but do no damage.
You hit the yak. You freeze the yak. You hit the yak. You freeze the yak.
The yak closely misses you. The yak gores you but does no damage.
The death yak gores you! The gnoll hits you but does no damage.
You block the yak's attack. The gnoll barely misses you.
The gnoll sergeant hits you from afar with a +0 spear.
The death yak gores you!
8645 ||| READING 2 scrolls of teleportation.
As you read the scroll of teleportation, it crumbles to dust.
You feel strangely unstable.
You block the yak's attack. x2; The death yak gores you!
You die...

#...'...# #.#..#.#
#...#...# #.#....#
#...#...#####.#....#
#...#...##)##.#....#
#...#...##.##.#....#
#.:.#...##....#....#
#...#.#######.#)...#
#...#.# #.))...#
#...#.# ###Y@Y.#
+.?.'.#


#YYYY# #...#.# #ggg.# #...#.# #ggY.# #...#.# #.Y..# '...#.# YKg@.# #...#.#
Y....# ....### ......# ....# You could see 3 death yaks, Erica, 7 yaks, a gnoll
sergeant, 5 gnolls and a kobold.

Vanquished Creatures
  A cyclops (D:8)
  Joseph (D:7)
  An unseen horror zombie (D:8)
  A kobold demonologist (D:9)
  A steam dragon (D:7)
  A water moccasin (D:6)
  An acid dragon (D:8)
  A sky beast (D:7)
  A black bear (D:4)
  2 ice beasts
  3 phantoms
  3 kobold brigands (D:9)
  8 bullfrogs
  3 scorpions
  A wyvern zombie (D:8)
  11 wights (D:8)
  6 killer bees
  3 centaur zombies (D:8)
  2 jellies
  6 orc priests
  A sleepcap (D:6)
  7 hounds
  2 iguanas
  12 orc wizards
  2 howler monkey zombies (D:8)
  11 adders
  A shadow imp (D:5)
  A white imp (D:5)
  3 ufetubi
  4 worms
  29 orcs
  7 endoplasms
  2 giant cockroaches
  3 goblins
  4 hobgoblins
  3 jackals (D:1)
  4 quokkas
  3 ball pythons (D:2)
  8 bats
  4 frilled lizards
  20 kobolds
  5 rats
193 creatures vanquished.

Notes
Turn   | Place    | Note
-------+----------+-------------------------------------------
     0 | D:1      | qw the Gargoyle Fighter began the quest for the Orb.
     0 | D:1      | Reached XP level 1. HP: 14/14 MP: 1/1
     0 | D:1      | 0 ||| qw: Version: 0.2-a-108-gee2c290
     0 | D:1      | 0 ||| qw: Game counter: 1494
     0 | D:1      | 0 ||| qw: Always use a shield: true
     0 | D:1      | 0 ||| qw: God list: Okawaru
     0 | D:1      | 0 ||| qw: Allow faded altars: false
     0 | D:1      | 0 ||| qw: Do Orc after D:15 true
     0 | D:1      | 0 ||| qw: Do second Lair branch before Depths: true
     0 | D:1      | 0 ||| qw: Lair rune preference: random
     0 | D:1      | 0 ||| qw: Plans: Normal, Zot:1-4, Slime:5, God:TSO, Crypt,
                  | Tomb, Abyss, Pan, Hells, Win
     0 | D:1      | 0 ||| PLANNING D:1-11
    51 | D:1      | Found Qacsohey's Antique Armour Boutique.
    57 | D:1      | 57 ||| SHOPLISTING embroidered scarf (128 gold, have 0).
    57 | D:1      | 57 ||| SHOPLISTING ice dragon scales (960 gold, have 0).
    57 | D:1      | 57 ||| SHOPLISTING masterwork ring mail (144 gold, have 0).
    57 | D:1      | 57 ||| SHOPLISTING pair of gloves (72 gold, have 0).
   297 | D:1      | Reached skill level 2 in Axes
   387 | D:1      | 387 ||| Stepping ~*~*~tactically~*~*~ (stealth).
   398 | D:1      | Reached XP level 2. HP: 19/19 MP: 2/2
   769 | D:1      | 769 ||| UPGRADING to amulet of guardian spirit.
   774 | D:1      | 774 ||| UPGRADING to ring of protection from fire.
   775 | D:1      | 775 ||| READING 2 scrolls labelled CAOREGA YPLO ROE.
   776 | D:1      | 776 ||| READING scroll labelled GAMMOPHADDO.
   877 | D:1      | 877 ||| READING scroll labelled INEYWE WIOSARR.
   878 | D:1      | 878 ||| DRINKING 3 grey potions.
   879 | D:1      | 879 ||| DROPPING scroll of fear.
   974 | D:2      | 974 ||| Stepping ~*~*~tactically~*~*~ (stealth).
   997 | D:2      | 997 ||| Stepping ~*~*~tactically~*~*~ (stealth).
  1003 | D:2      | 1003 ||| Stepping ~*~*~tactically~*~*~ (stealth).
  1016 | D:2      | Reached skill level 3 in Axes
  1016 | D:2      | Reached XP level 3. HP: 20/23 MP: 3/3
  1177 | D:2      | Identified the +3 spear of the Heavens {elec, rC+ Dex+3}
  1375 | D:2      | Reached XP level 4. HP: 26/28 MP: 4/4
  1431 | D:2      | 1431 ||| Stepping ~*~*~tactically~*~*~ (stealth).
  1450 | D:2      | 1450 ||| Stepping ~*~*~tactically~*~*~ (stealth).
  1453 | D:2      | 1453 ||| Stepping ~*~*~tactically~*~*~ (stealth).
  1523 | D:2      | Reached skill level 4 in Axes
  1769 | D:2      | 1769 ||| UPGRADING to +0 plate armour.
  1779 | D:2      | 1779 ||| DROPPING +0 scale mail.
  1780 | D:2      | 1780 ||| READING scroll of enchant armour.
  1780 | D:2      | 1780 ||| ENCHANTING +0 plate armour.
  1781 | D:2      | 1781 ||| DROPPING ring of flight.
  1782 | D:2      | 1782 ||| READING scroll labelled NOAGRY OPUUMA.
  1783 | D:2      | 1783 ||| READING scroll labelled AQULOU XAH XER.
  1788 | D:2      | 1788 ||| READING scroll labelled VEIR ANEYDEBOI.
  1789 | D:2      | 1789 ||| READING scroll labelled PUTSOCUWNY.
  1917 | D:3      | 1917 ||| DROPPING +0 whip of venom.
  1982 | D:3      | 1982 ||| Stepping ~*~*~tactically~*~*~ (stealth).
  1983 | D:3      | 1983 ||| Stepping ~*~*~tactically~*~*~ (stealth).
  1986 | D:3      | Reached XP level 5. HP: 32/32 MP: 5/5
  2005 | D:3      | 2005 ||| DRINKING 4 potions of curing.
  2005 | D:3      | 2005 ||| (to cure confusion)
  2109 | D:3      | Reached skill level 5 in Axes
  2126 | D:3      | Found a glowing golden altar of the Shining One.
  2185 | D:3      | 2185 ||| Stepping ~*~*~tactically~*~*~ (stealth).
  2426 | D:3      | 2426 ||| READING scroll labelled FYEPTEIMONT.
  2427 | D:3      | 2427 ||| READING 2 scrolls labelled PUUNIL GAOTZ.
  2428 | D:3      | 2428 ||| READING scroll labelled XAH DEODESIPOSO.
  2721 | D:4      | Found a shimmering altar of Xom.
  2729 | D:4      | Found a radiant altar of Vehumet.
  2812 | D:4      | Reached XP level 6. HP: 31/38 MP: 3/6
  2977 | D:4      | 2977 ||| Stepping ~*~*~tactically~*~*~ (hiding).
  3093 | D:4      | 3093 ||| Stepping ~*~*~tactically~*~*~ (hiding).
  3094 | D:4      | 3094 ||| Stepping ~*~*~tactically~*~*~ (hiding).
  3139 | D:4      | 3139 ||| Stepping ~*~*~tactically~*~*~ (stealth).
  3222 | D:4      | Noticed a black bear
  3234 | D:4      | Killed a black bear
  3235 | D:4      | Reached skill level 6 in Axes
  3487 | D:4      | 3487 ||| READING scroll labelled EHESCHO LIECOGG.
  3488 | D:4      | 3488 ||| READING scroll labelled DALUIG XUCYUG.
  3515 | D:4      | 3515 ||| DRINKING 3 inky potions.
  3516 | D:4      | 3516 ||| READING 2 scrolls of identify.
  3516 | D:4      | 3516 ||| IDENTIFYING murky grey potion
  3517 | D:4      | 3517 ||| DROPPING 2 potions of flight.
  3518 | D:4      | 3518 ||| DROPPING potion of berserk rage.
  3526 | D:5      | Entered Level 5 of the Dungeon
  3566 | D:5      | 3566 ||| DROPPING +0 flail.
  3716 | D:5      | Found a staircase to the Ecumenical Temple.
  3717 | D:5      | 3717 ||| PLANNING TEMPLE
  3717 | D:5      | 3717 ||| READING scroll labelled NODUXT JIEGGOA.
  3730 | D:5      | Reached XP level 7. HP: 43/43 MP: 7/7
  3734 | Temple   | Entered the Ecumenical Temple
  3746 | Temple   | 3746 ||| PLANNING OKAWARU WORSHIP
  4151 | Temple   | Became a worshipper of Warmaster Okawaru
  4151 | Temple   | 4151 ||| PLANNING D:1-11
  4152 | Temple   | 4152 ||| REMOVING amulet of guardian spirit.
  4212 | D:5      | 4212 ||| Stepping ~*~*~tactically~*~*~ (hiding).
  4223 | D:5      | Reached skill level 7 in Axes
  4429 | D:5      | HP: 10/44 [white imp/puff of frost (13)]
  4430 | D:5      | 4430 ||| READING 2 scrolls of teleportation.
  4432 | D:5      | HP: 1/44 [something/magic dart (9)]
  4718 | D:5      | Reached XP level 8. HP: 49/49 MP: 8/8
  4720 | D:5      | Found a stormy altar of Qazlal.
  4755 | D:5      | Reached * piety under Okawaru
  4802 | D:5      | 4802 ||| READING scroll of enchant weapon.
  4802 | D:5      | 4802 ||| ENCHANTING +1 war axe.
  4854 | D:5      | Reached skill level 1 in Dodging
  4859 | D:5      | Reached skill level 1 in Invocations
  4867 | D:5      | Reached skill level 1 in Throwing
  5058 | D:5      | 5058 ||| READING scroll labelled MUDEEH YRIAM.
  5059 | D:5      | 5059 ||| DRINKING 2 fizzy emerald potions.
  5060 | D:5      | 5060 ||| DRINKING 2 bubbling coppery potions.
  5060 | D:5      | Gained mutation: You are dopey. (Int -2) [potion of
                  | mutation]
  5060 | D:5      | Gained mutation: Your flesh is cold resistant. (rC+)
                  | [potion of mutation]
  5060 | D:5      | Gained mutation: You have a pair of small antennae on your
                  | head. [potion of mutation]
  5162 | D:6      | 5162 ||| INVOKING Heroism.
  5177 | D:6      | 5177 ||| INVOKING Heroism.
  5478 | D:6      | Reached skill level 3 in Invocations
  5611 | D:6      | 5611 ||| INVOKING Heroism.
  5675 | D:6      | Found an ancient bone altar of Kikubaaqudgha.
  5694 | D:6      | Reached skill level 8 in Axes
  5710 | D:6      | 5710 ||| READING 2 scrolls of identify.
  5710 | D:6      | 5710 ||| IDENTIFYING green potion
  5711 | D:6      | 5711 ||| DROPPING potion of invisibility.
  5730 | D:7      | 5730 ||| INVOKING Heroism.
  5744 | D:7      | Reached XP level 9. HP: 44/55 MP: 9/12
  5792 | D:7      | Reached skill level 6 in Fighting
  5853 | D:7      | 5853 ||| INVOKING Heroism.
  5997 | D:7      | Found a runed translucent gate.
  5999 | D:7      | Found a runed translucent gate.
  6024 | D:7      | Found a sacrificial altar of Ru.
  6084 | D:7      | Reached skill level 9 in Axes
  6177 | D:7      | Found a runed translucent gate.
  6177 | D:7      | Noticed qw's ghost (novice GrFi)
  6210 | D:7      | Reached ** piety under Okawaru
  6221 | D:7      | Found a blossoming altar of Fedhas.
  6311 | D:7      | Noticed Joseph
  6325 | D:7      | 6325 ||| INVOKING Heroism.
  6329 | D:7      | Killed Joseph
  6408 | D:7      | 6408 ||| UPGRADING to ring of protection from cold.
  6409 | D:7      | 6409 ||| DRINKING 2 bubbling dark potions.
  6410 | D:7      | 6410 ||| DROPPING potion of degeneration.
  6694 | D:8      | Identified the ring of Zieddeeh {Fire Fly rN+ Slay+2
                  | Stlth+}
  6725 | D:8      | 6725 ||| Stepping ~*~*~tactically~*~*~ (stealth).
  6727 | D:8      | 6727 ||| Stepping ~*~*~tactically~*~*~ (stealth).
  6734 | D:8      | 6734 ||| FLEEEEING.
  6735 | D:8      | 6735 ||| FLEEEEING.
  6736 | D:8      | 6736 ||| FLEEEEING.
  6737 | D:8      | 6737 ||| FLEEEEING.
  6738 | D:8      | 6738 ||| FLEEEEING.
  6739 | D:8      | 6739 ||| FLEEEEING.
  6740 | D:8      | 6740 ||| FLEEEEING.
  6741 | D:8      | 6741 ||| FLEEEEING.
  6742 | D:8      | 6742 ||| FLEEEEING.
  6743 | D:8      | 6743 ||| FLEEEEING.
  6744 | D:8      | 6744 ||| FLEEEEING.
  6745 | D:8      | 6745 ||| FLEEEEING.
  6746 | D:8      | 6746 ||| FLEEEEING.
  6809 | D:8      | 6809 ||| DROPPING +0 morningstar.
  6811 | D:8      | Noticed a cyclops
  6812 | D:8      | 6812 ||| INVOKING Heroism.
  6826 | D:8      | Killed a cyclops
  6829 | D:8      | Reached skill level 10 in Axes
  6829 | D:8      | Reached XP level 10. HP: 24/63 MP: 11/13
  7001 | D:8      | 7001 ||| INVOKING Heroism.
  7192 | D:8      | 7192 ||| Stepping ~*~*~tactically~*~*~ (hiding).
  7201 | D:8      | 7201 ||| INVOKING Heroism.
  7205 | D:8      | Reached skill level 6 in Armour
  7312 | D:8      | 7312 ||| SWAPPING to +3 war axe of freezing.
  7313 | D:8      | 7313 ||| DROPPING +2 war axe.
  7447 | D:8      | Reached *** piety under Okawaru
  7721 | D:8      | 7721 ||| UPGRADING to ring of Zieddeeh {Fire Fly rN+ Slay+2
                  | Stlth+}.
  7723 | D:8      | 7723 ||| READING scroll labelled MOUHIP JIHEDOES.
  7740 | D:9      | 7740 ||| Stepping ~*~*~tactically~*~*~ (hiding).
  7777 | D:9      | Found a burning altar of Makhleb.
  7881 | D:9      | 7881 ||| Stepping ~*~*~tactically~*~*~ (stealth).
  7953 | D:9      | Found a flagged portal.
  8094 | D:9      | Found a glowing silver altar of Zin.
  8174 | D:9      | Noticed a kobold demonologist
  8175 | D:9      | 8175 ||| Stepping ~*~*~tactically~*~*~ (hiding).
  8182 | D:9      | Noticed a soul eater
  8185 | D:9      | Noticed a sixfirhy
  8190 | D:9      | 8190 ||| INVOKING Heroism.
  8197 | D:9      | HP: 15/64 [red devil/+0 trident[a kobold demonologist] (2)]
  8198 | D:9      | 8198 ||| READING 3 scrolls of teleportation.
  8202 | D:9      | Killed a kobold demonologist
  8422 | D:9      | 8422 ||| Stepping ~*~*~tactically~*~*~ (hiding).
  8617 | D:9      | 8617 ||| Stepping ~*~*~tactically~*~*~ (stealth).
  8618 | D:9      | 8618 ||| Stepping ~*~*~tactically~*~*~ (stealth).
  8631 | D:9      | Noticed a death yak
  8632 | D:9      | 8632 ||| INVOKING Heroism.
  8633 | D:9      | Noticed a death yak
  8635 | D:9      | Noticed a death yak
  8640 | D:9      | Noticed Erica
  8644 | D:9      | HP: 11/64 [death yak (9)]
  8645 | D:9      | 8645 ||| READING 2 scrolls of teleportation.
  8645 | D:9      | Slain by a death yak

Levels and vault maps discovered:
D:1:      dpeg_arrival_three_bigger_balls, layout_basic, serial_shops, shop,
          serial_forest, infiniplex_forest_straight_1,
          infiniplex_forest_lined_corner, infiniplex_forest_clump_medium,
          infiniplex_forest_clump_double, infiniplex_forest_fountain,
          kennysheep_another_room
D:2:      layout_basic, minmay_nonomino_d4
D:3:      layout_loops_cross, tso_altar
D:4:      layout_loops_cross, amethyst_overflow_temple_binary, serial_bayou,
          serial_bayou_pond_c, serial_bayou_shore_a, serial_bayou_crossing,
          serial_bayou_pond_e
D:5:      layout_loops_corners, mainiacjoe_overflow_concentric_impassable,
          minmay_temple_entry_crystal_x, grunt_ministairs_7,
          minmay_fractal_squares_5
D:6:      layout_rooms, nicolae_overflow_hidden_temple
D:7:      layout_gridville, general_overflow_altar, fedhas_altar_3,
          biasface_ghost_orc_armoury, uniq_joseph
D:8:      layout_rooms, serial_undead, serial_undead_e, serial_undead_e,
          serial_undead_d, serial_undead_d
D:9:      layout_stronghold, zin_statuary, old_standard_altar,
          dpeg_lair_monsters, enter_bailey_2, uniq_erica
Temple:   compressed_dpeg_triangle_lava_temple

Skill      XL: |  1  2  3  4  5  6  7  8  9 10 |
---------------+-------------------------------+-----
Axes           | 2 3 4 5 6 7 8 10 | 10.7
Fighting       | 4 5 7 8 |  8.0
Armour         | 4 5 6 |  6.2
Dodging        | 1 |  1.1
Invocations    | 4 |  4.2
Throwing       | 1 |  1.0
Shields        | 4 5 |  5.2

Action                     |  1- 3 |  4- 6 |  7- 9 | 10-12 || total
---------------------------+-------+-------+-------+-------++-------
  Melee: War axe           |   103 |   194 |   266 |   150 ||   713
  Throw: Boomerang         |       |     7 |    50 |     3 ||    60
 Invoke: Heroism           |       |       |     7 |     4 ||    11
    Use: Scroll            |     3 |    12 |     4 |     3 ||    22
         Potion            |     1 |     2 |     3 |       ||     6
 Armour: Scale mail        |    64 |    14 |       |       ||    78
         Plate armour      |       |   125 |   206 |   126 ||   457
  Dodge: Dodged            |    56 |    51 |    85 |    41 ||   233
  Block: Buckler           |    26 |    42 |    50 |    43 ||   161

Table legend:
 A = Non-vault XP
 B = Vault XP
 C = Vault XP percentage of total XP
 D = Non-vault monster count
 E = Vault monster count
 F = Vault count percentage of total count
                 A         B        C        D         E       F
            +---------+---------+-------+---------+---------+-------
      Total |    5727 |    1528 |  21.1 |     167 |      26 |  13.5
            +---------+---------+-------+---------+---------+-------
        D:1 |      18 |       0 |   0.0 |      12 |       0 |   0.0
        D:2 |      68 |      35 |  34.0 |      18 |       5 |  21.7
        D:3 |     113 |       0 |   0.0 |      23 |       0 |   0.0
        D:4 |     335 |       0 |   0.0 |      17 |       0 |   0.0
        D:5 |     640 |     260 |  28.9 |      18 |      11 |  37.9
        D:6 |     635 |       0 |   0.0 |      15 |       0 |   0.0
        D:7 |    1304 |     445 |  25.4 |      21 |       1 |   4.5
        D:8 |    1588 |     788 |  33.2 |      15 |       9 |  37.5
        D:9 |    1026 |       0 |   0.0 |      28 |       0 |   0.0
            +---------+---------+-------+---------+---------+-------
